BSA
AUSTIN RIVER SHARKS @ CHICAGO MACHINE
08/31/2026
 
TOP OF THE 1ST
Austin River Sharks batting - Pitching for Chicago Machine : LHP Dave Huot
Pitching: LHP Dave Huot
Batting: RHB Tyler Wagner 0-0: Fly out, F6 (Popup, 6)
Batting: RHB Orlando Bruno 0-0: Called Strike
0-1: Ball
1-1: SINGLE (Groundball, 56D)
Batting: RHB Kenneth Roberts 0-0: Ball
1-0: DOUBLE (Popup, 7LS)
Orlando Bruno to third
Runner from 3rd tries for Home, SAFE, no throw or cutoff
Batting: SHB Juan Castro 0-0: Swinging Strike
0-1: Ground out 5-3 (Groundball, 56)
Batting: LHB Pedro Zaragoza 0-0: Called Strike
0-1: Swinging Strike
0-2: Ball
1-2: Strikes out looking
Top of the 1st over - 1 run(s), 2 hit(s), 0 error(s), 1 left on base; Austin 1 - Chicago 0
BOTTOM OF THE 1ST
Chicago Machine batting - Pitching for Austin River Sharks : RHP Juan González
Pitching: RHP Juan González
Batting: RHB Roberto Cardona 0-0: Foul Ball, location: 2F
0-1: DOUBLE (Flyball, 8LXD)
Batting: LHB Bob Smith 0-0: Ball
1-0: Fly out, F8 (Flyball, 8LM)
Batting: RHB Doug Stephens 0-0: Foul Ball, location: 2F
0-1: 2-RUN HOME RUN (Flyball, 7D), Distance : 392 ft
Batting: SHB José Alomar 0-0: Ball
1-0: Called Strike
1-1: Ball
2-1: Ground out 4-3 (Groundball, 34)
Batting: RHB Edward Young 0-0: Ball
1-0: Fly out, F9 (Flyball, 9M)
Bottom of the 1st over - 2 run(s), 2 hit(s), 0 error(s), 0 left on base; Austin 1 - Chicago 2
TOP OF THE 2ND
Austin River Sharks batting - Pitching for Chicago Machine : LHP Dave Huot
Batting: RHB Carlos Pérez 0-0: Called Strike
0-1: Ball
1-1: Swinging Strike
1-2: Foul Ball, location: 2F
1-2: Reached on error, E6 (Groundball, 6)
Batting: LHB Terry Maloney 0-0: Ball
1-0: Ball
2-0: Ball
3-0: Hit by Pitch
Carlos Pérez to second
Batting: SHB John Miller 0-0: Ball
1-0: Called Strike
1-1: Ball
2-1: Fly out, F6 (Popup, 56D)
Batting: LHB Bruno Lalonde 0-0: Ball
1-0: Ball
2-0: Ball
3-0: Called Strike
3-1: Base on Balls
Carlos Pérez to third
Terry Maloney to second
Batting: RHB Tyler Wagner 0-0: Called Strike
0-1: Foul Ball, location: 2F
0-2: Foul Ball, location: 2F
0-2: Ball
1-2: Fly out, F8 (Flyball, 8RD)
Runner from 3rd tags up, SCORES, no throw
Terry Maloney to third
Batting: RHB Orlando Bruno 0-0: Ball
Bruno Lalonde steals 2nd base
1-0: Ground out 5-3 (Groundball, 56S)
Top of the 2nd over - 1 run(s), 0 hit(s), 1 error(s), 2 left on base; Austin 2 - Chicago 2
BOTTOM OF THE 2ND
Chicago Machine batting - Pitching for Austin River Sharks : RHP Juan González
Batting: SHB Jesús Ramírez 0-0: Ball
1-0: Ball
2-0: Fly out, F8 (Flyball, 8LS)
Batting: LHB Eric Wheeler 0-0: Reaches on Catchers interference
Batting: RHB Alberto Ramos 0-0: Foul Ball, location: 2F
0-1: Ball
1-1: Fly out, F9 (Flyball, 9S)
Batting: SHB Edward Bartlett 0-0: Called Strike
0-1: Ball
1-1: Ball
2-1: Called Strike
2-2: Strikes out looking
Bottom of the 2nd over - 0 run(s), 0 hit(s), 1 error(s), 1 left on base; Austin 2 - Chicago 2
TOP OF THE 3RD
Austin River Sharks batting - Pitching for Chicago Machine : LHP Dave Huot
Batting: RHB Kenneth Roberts 0-0: Called Strike
0-1: Ball
1-1: Ball
2-1: Called Strike
2-2: Foul Ball, location: 2F
2-2: Foul Ball, location: 2F
2-2: Ball
3-2: Base on Balls
Batting: SHB Juan Castro 0-0: Ball
1-0: Fly out, F8 (Flyball, 8LD)
Batting: LHB Pedro Zaragoza 0-0: Called Strike
0-1: Ball
1-1: Foul Ball, location: 2F
1-2: DOUBLE (Flyball, 8RXD)
Kenneth Roberts to third
Runner from 3rd tries for Home, SAFE, throw made at trailing runner, SAFE at third!
Batting: RHB Carlos Pérez 0-0: Fly out, F9 (Flyball, 89M)
Runner from 3rd tags up, SCORES, throw made
Batting: LHB Terry Maloney 0-0: Ball
1-0: Ground out 6-3 (Groundball, 6)
Top of the 3rd over - 2 run(s), 1 hit(s), 0 error(s), 0 left on base; Austin 4 - Chicago 2
BOTTOM OF THE 3RD
Chicago Machine batting - Pitching for Austin River Sharks : RHP Juan González
Batting: RHB Roberto Cardona 0-0: Ball
1-0: Called Strike
1-1: SINGLE (Groundball, 6M)
Batting: LHB Bob Smith 0-0: Called Strike
0-1: Ball
1-1: Ball
2-1: Foul Ball, location: 2F
2-2: Grounds into double play, 5-4-3 (Groundball, 56)
Batting: RHB Doug Stephens 0-0: Ball
1-0: Foul Ball, location: 2F
1-1: Ball
2-1: SINGLE (Line Drive, 4MD)
Batting: SHB José Alomar 0-0: Ball
1-0: Fly out, F5 (Line Drive, 56S)
Bottom of the 3rd over - 0 run(s), 2 hit(s), 0 error(s), 1 left on base; Austin 4 - Chicago 2
TOP OF THE 4TH
Austin River Sharks batting - Pitching for Chicago Machine : LHP Dave Huot
Batting: SHB John Miller 0-0: Foul Ball, location: 2F
0-1: Ball
1-1: Called Strike
1-2: Ball
2-2: Fly out, F8 (Flyball, 8RM)
Batting: LHB Bruno Lalonde 0-0: Ball
1-0: Foul Ball, location: 2F
1-1: Ball
2-1: Ball
3-1: Called Strike
3-2: Foul Ball, location: 2F
3-2: Fly out, F4 (Popup, 34S)
Batting: RHB Tyler Wagner 0-0: Called Strike
0-1: Ball
1-1: Called Strike
1-2: Foul Ball, location: 2F
1-2: Ball
2-2: TRIPLE (Flyball, 8RXD)
Pinch Runner at 3rd Ingo Backx:
Batting: RHB Orlando Bruno 0-0: DOUBLE (Groundball, 5L)
Ingo Backx scores
Batting: RHB Kenneth Roberts 0-0: Swinging Strike
0-1: Fly out, F8 (Flyball, 78D)
Top of the 4th over - 1 run(s), 2 hit(s), 0 error(s), 1 left on base; Austin 5 - Chicago 2
BOTTOM OF THE 4TH
Chicago Machine batting - Pitching for Austin River Sharks : RHP Juan González
Now in LF: Ingo Backx
Batting: RHB Edward Young 0-0: TRIPLE (Line Drive, 8LXD)
Batting: SHB Jesús Ramírez 0-0: Ball
1-0: Called Strike
1-1: Ball
2-1: Ball
3-1: Base on Balls
Batting: LHB Eric Wheeler 0-0: Grounds into double play, 6-4-3 (Groundball, 6M)
Edward Young scores
Batting: RHB Alberto Ramos 0-0: Ball
1-0: Foul Ball, location: 2F
1-1: Ball
2-1: Fly out, F8 (Flyball, 8LD)
Bottom of the 4th over - 1 run(s), 1 hit(s), 0 error(s), 0 left on base; Austin 5 - Chicago 3
TOP OF THE 5TH
Austin River Sharks batting - Pitching for Chicago Machine : LHP Dave Huot
Batting: SHB Juan Castro 0-0: Foul Ball, location: 2F
0-1: SINGLE (Line Drive, 34)
Batting: LHB Pedro Zaragoza 0-0: Ball
1-0: Called Strike
1-1: Fly out, F6 (Popup, 6MD)
Batting: RHB Carlos Pérez 0-0: Foul Ball, location: 2F
0-1: Fly out, F7 (Flyball, 7M)
Batting: LHB Terry Maloney 0-0: Ball
1-0: Ball
2-0: Called Strike
2-1: Ball
3-1: Foul Ball, location: 2F
3-2: Fly out, F8 (Flyball, 89D)
Top of the 5th over - 0 run(s), 1 hit(s), 0 error(s), 1 left on base; Austin 5 - Chicago 3
BOTTOM OF THE 5TH
Chicago Machine batting - Pitching for Austin River Sharks : RHP Juan González
Batting: SHB Edward Bartlett 0-0: Ball
1-0: Ball
2-0: Fly out, F4 (Popup, 4)
Batting: RHB Roberto Cardona 0-0: Foul Ball, location: 2F
0-1: Fly out, F6 (Popup, 6MD)
Batting: LHB Bob Smith 0-0: Ball
1-0: Foul Ball, location: 2F
1-1: Ground out 5-3 (Groundball, 5L)
Bottom of the 5th over - 0 run(s), 0 hit(s), 0 error(s), 0 left on base; Austin 5 - Chicago 3
TOP OF THE 6TH
Austin River Sharks batting - Pitching for Chicago Machine : LHP Dave Huot
Batting: SHB John Miller 0-0: Ground out 5-3 (Groundball, 5L)
Batting: LHB Bruno Lalonde 0-0: Bunted foul
0-1: Called Strike
0-2: Ball
1-2: Foul Ball, location: 2F
1-2: SINGLE (Line Drive, 56)
Batting: RHB Ingo Backx 0-0: Ball
1-0: Ball
2-0: Ball
3-0: Called Strike
3-1: Base on Balls
Bruno Lalonde to second
Pitching: RHP Jorge Hernández
Batting: RHB Orlando Bruno 0-0: Called Strike
0-1: Ball
1-1: Called Strike
1-2: Ball
2-2: Strikes out swinging
Batting: RHB Kenneth Roberts 0-0: Ball
1-0: Foul Ball, location: 2F
1-1: Ball
2-1: Foul Ball, location: 2F
2-2: Ground out 6-3 (Groundball, 6)
Top of the 6th over - 0 run(s), 1 hit(s), 0 error(s), 2 left on base; Austin 5 - Chicago 3
BOTTOM OF THE 6TH
Chicago Machine batting - Pitching for Austin River Sharks : RHP Juan González
Batting: RHB Doug Stephens 0-0: Ball
1-0: Called Strike
1-1: Ball
2-1: SINGLE (Groundball, 34)
Batting: SHB José Alomar 0-0: Ball
1-0: Ball
2-0: Ball
3-0: Fielders Choice at 2nd, 3-6 (Groundball, 3)
Batting: RHB Edward Young 0-0: Called Strike
0-1: Fly out, F3 (Popup, 3F)
Batting: SHB Jesús Ramírez 0-0: Ball
1-0: Called Strike
1-1: SINGLE (Groundball, 4MD)
José Alomar to second
Batting: LHB Eric Wheeler 0-0: Called Strike
0-1: Ball
1-1: Fly out, F4 (Popup, 34)
Bottom of the 6th over - 0 run(s), 2 hit(s), 0 error(s), 2 left on base; Austin 5 - Chicago 3
TOP OF THE 7TH
Austin River Sharks batting - Pitching for Chicago Machine : RHP Jorge Hernández
Batting: SHB Juan Castro 0-0: Ball
1-0: Swinging Strike
1-1: Called Strike
1-2: Ball
2-2: Strikes out swinging
Batting: LHB Pedro Zaragoza 0-0: Called Strike
0-1: Ball
1-1: SINGLE (Groundball, 6MD)
Batting: RHB Carlos Pérez 0-0: Ball
1-0: Fly out, F9 (Flyball, 9S)
Batting: LHB Terry Maloney 0-0: Called Strike
0-1: Called Strike
0-2: Ball
1-2: Ball
2-2: Foul Ball, location: 2F
2-2: Fly out, F9 (Popup, 34D)
Top of the 7th over - 0 run(s), 1 hit(s), 0 error(s), 1 left on base; Austin 5 - Chicago 3
BOTTOM OF THE 7TH
Chicago Machine batting - Pitching for Austin River Sharks : RHP Juan González
Batting: RHB Alberto Ramos 0-0: Ball
1-0: Swinging Strike
1-1: Foul Ball, location: 2F
1-2: Ball
2-2: Foul Ball, location: 2F
2-2: Fly out, F9 (Line Drive, 9M)
Batting: SHB Edward Bartlett 0-0: Ball
1-0: Ball
2-0: Ground out 5-3 (Groundball, 56S)
Batting: RHB Roberto Cardona 0-0: Ball
1-0: Called Strike
1-1: Ball
2-1: Ball
3-1: Fly out, F9 (Flyball, 9M)
Bottom of the 7th over - 0 run(s), 0 hit(s), 0 error(s), 0 left on base; Austin 5 - Chicago 3
TOP OF THE 8TH
Austin River Sharks batting - Pitching for Chicago Machine : RHP Jorge Hernández
Batting: SHB John Miller 0-0: Ball
1-0: Called Strike
1-1: Swinging Strike
1-2: Strikes out swinging
Pitching: RHP Clint Tancock
Batting: LHB Bruno Lalonde 0-0: Foul Ball, location: 2F
0-1: Foul Ball, location: 2F
0-2: Ground out 5-3 (Groundball, 56S)
Batting: RHB Ingo Backx 0-0: Ball
1-0: Swinging Strike
1-1: SINGLE (Groundball, 34D)
Batting: RHB Orlando Bruno 0-0: Fielders Choice at 2nd, U6 (Groundball, 6M)
Top of the 8th over - 0 run(s), 1 hit(s), 0 error(s), 1 left on base; Austin 5 - Chicago 3
BOTTOM OF THE 8TH
Chicago Machine batting - Pitching for Austin River Sharks : RHP Juan González
Batting: LHB Bob Smith 0-0: Called Strike
0-1: Foul Ball, location: 2F
0-2: Fly out, F7 (Flyball, 78D)
Batting: RHB Doug Stephens 0-0: Ball
1-0: Fly out, F9 (Flyball, 9S)
Batting: SHB José Alomar 0-0: Ball
1-0: Called Strike
1-1: Swinging Strike
1-2: Foul Ball, location: 2F
1-2: Ball
2-2: Fly out, F6 (Popup, 56)
Bottom of the 8th over - 0 run(s), 0 hit(s), 0 error(s), 0 left on base; Austin 5 - Chicago 3
TOP OF THE 9TH
Austin River Sharks batting - Pitching for Chicago Machine : RHP Clint Tancock
Pitching: RHP Víctor Reyes
Batting: RHB Kenneth Roberts 0-0: Called Strike
0-1: Ball
1-1: Swinging Strike
1-2: Strikes out looking
Batting: SHB Juan Castro 0-0: Foul Ball, location: 2F
0-1: Ball
1-1: Ball
2-1: Ground out 2-3 (Groundball, 2L)
Batting: LHB Pedro Zaragoza 0-0: Swinging Strike
0-1: Ball
1-1: Ball
2-1: Swinging Strike
2-2: Strikes out looking
Top of the 9th over - 0 run(s), 0 hit(s), 0 error(s), 0 left on base; Austin 5 - Chicago 3
BOTTOM OF THE 9TH
Chicago Machine batting - Pitching for Austin River Sharks : RHP Juan González
Pitching: LHP Ignacio Colón
Batting: RHB Edward Young 0-0: SOLO HOME RUN (Flyball, 7D), Distance : 404 ft
Pinch Hitting: RHB Derek Ramsey 0-0: Called Strike
0-1: Swinging Strike
0-2: Ball
1-2: Ground out 5-3 (Groundball, 56)
Batting: LHB Eric Wheeler 0-0: Fly out, F8 (Flyball, 8LXD)
Batting: RHB Alberto Ramos 0-0: Fly out, F8 (Flyball, 89D)
Bottom of the 9th over - 1 run(s), 1 hit(s), 0 error(s), 0 left on base; Austin 5 - Chicago 4
Monday, December 5th, 2016 - OOTP Baseball 17.12 Build 75